 Dungeon Crawl Stone Soup version 0.31-a0-217-g58bb5d79cf (webtiles) character file.

Game seed: 15769858236031516202

37 qw the Shooter (level 3, -3/29 HPs)
             Began as a Minotaur Hexslinger on July 2, 2023.
             Shot with a bolt by a kobold (11 damage)
             ... on level 2 of the Dungeon.
             The game lasted 00:00:20 (777 turns).

qw the Shooter (Minotaur Hexslinger)                 Turns: 777, Time: 00:00:21

Health: -3/29      AC:  2    Str: 12    XL:     3   Next: 23%
Magic:  3/3        EV: 12    Int: 10    God:
Gold:   44         SH:  0    Dex: 14    Spells: 3/4 levels left

rFire   . . .        Y - +1 sling (flame)
rCold   . . .        (no shield)
rNeg    . . .        c - +0 robe
rPois   .            (helmet restricted)
rElec   .            (no cloak)
rCorr   .            (no gloves)
SInv    .            (no boots)
Will    .....        g - amulet of the acrobat
Stlth   +            (no ring)
HPRegen 0.24/turn    (no ring)
MPRegen 0.08/turn

%: acrobat
@: no status effects
A: horns 2, retaliatory headbutt
a: no special abilities


You were on level 2 of the Dungeon.
You visited 1 branch of the dungeon, and saw 2 of its levels.

You collected 44 gold pieces.


Innate Abilities, Weirdness & Mutations

You have a pair of horns on your head.
You reflexively headbutt those who attack you in melee.


   Skills:
 - Level 2.0 Fighting
 + Level 3.8 Ranged Weapons
 - Level 2.1 Dodging
 - Level 1.0 Spellcasting
 - Level 2.0 Hexes


You had 3 spell levels left.
You knew the following spells:

 Your Spells              Type           Power      Damage    Failure   Level
a - Slow                  Hex            16%        N/A       16%         1

Your spell library contained the following spells:

 Spells                   Type           Power      Damage    Failure   Level
 Inner Flame              Hex/Fire       2%         N/A       56%         3
 Portal Projectile        Hex/Tloc       4%         N/A       56%         3
 Cause Fear               Hex            2%         N/A       83%         4

Inventory:

Hand Weapons
 Y - a +1 sling of flaming (weapon)
Armour
 c - a +0 robe (worn)
Jewellery
 b - a ring of poison resistance
 g - an amulet of the acrobat (around neck)
Scrolls
 a - a scroll of teleportation
 e - a scroll of torment {unknown}
Potions
 d - a potion of degeneration {unknown}
 f - a potion of haste {unknown}

Dungeon Overview and Level Annotations

Branches:
Dungeon (2/15)

Altars:


Message History

A kobold comes into view. It is wielding a +3 arbalest.
The kobold moves out of view.
Enter note:
Enter note:
Enter note: A goblin comes into view. It is wielding a +0 dagger.
The kobold shouts!
The goblin shouts!
The kobold shoots a bolt.
The bolt misses you.
Enter note:
Enter note:
Enter note: You shoot a sling bullet.
The sling bullet hits the goblin.
The sling bullet burns the goblin.
You kill the goblin!
A giant cockroach comes into view.
You shoot a sling bullet.
The sling bullet hits the giant cockroach.
The sling bullet burns the giant cockroach.
The giant cockroach is moderately wounded.
A giant cockroach comes into view.
The kobold shoots a bolt.
The bolt closely misses you.
An adder comes into view.
The adder hisses angrily.
You shoot a sling bullet.
The sling bullet hits the giant cockroach.
The sling bullet burns the giant cockroach.
You kill the giant cockroach!
The giant cockroach waves its antennae.
The kobold shoots a bolt.
The bolt barely misses you.
You shoot a sling bullet.
The sling bullet hits the giant cockroach.
The sling bullet burns the giant cockroach.
The giant cockroach is heavily wounded.
The kobold shoots a bolt.
The bolt hits you!
The kobold shoots a bolt.
The bolt hits you!
You shoot a sling bullet.
The sling bullet hits the giant cockroach but does no damage.
The giant cockroach is heavily wounded.
The kobold shoots a bolt.
The bolt hits you!
You die...

##.# ### ### ##..# #..
#.# #..## .#.#. #.###)##
.)... #.#...#### .....%
#...##....
....S.#########.........
....B...................
.K.<...@........####....
.......##.......# #....
....... ######### #....
....... ##### .......
....... ....... .......


You could see an adder, a giant cockroach and a kobold.

Vanquished Creatures
  A ball python (D:1)
  2 endoplasms (D:1)
  3 giant cockroaches
  5 goblins
  3 hobgoblins (D:1)
  5 jackals
  4 kobolds
  4 frilled lizards
  5 rats
32 creatures vanquished.

Notes
Turn   | Place    | Note
-------+----------+-------------------------------------------
     0 | D:1      | qw the Minotaur Hexslinger began the quest for the Orb.
     0 | D:1      | Reached XP level 1. HP: 16/16 MP: 1/1
     0 | D:1      | 0 ||| qw: Version: 0.3-a-40-ge99b1a8
     0 | D:1      | 0 ||| qw: Game counter: 53
     0 | D:1      | 0 ||| qw: Melee chars always use a shield: true
     0 | D:1      | 0 ||| qw: God list: Okawaru
     0 | D:1      | 0 ||| qw: Allow faded altars: false
     0 | D:1      | 0 ||| qw: Do Orc after clearing Dungeon:15 true
     0 | D:1      | 0 ||| qw: Do second Lair branch before Depths: true
     0 | D:1      | 0 ||| qw: Lair rune preference: random
     0 | D:1      | 0 ||| qw: Goals: Normal
     0 | D:1      | 0 ||| PLANNING D:1-11
   132 | D:1      | Reached skill level 3 in Ranged Weapons
   149 | D:1      | Reached XP level 2. HP: 23/23 MP: 2/2
   646 | D:1      | 646 ||| UPGRADING to amulet of the acrobat.
   651 | D:1      | 651 ||| READING 2 scrolls labelled KISOBLIERA.
   652 | D:1      | 652 ||| READING scroll labelled SUDEES YRYROU.
   653 | D:1      | 653 ||| READING scroll labelled NEUXEO BI NEYC.
   656 | D:1      | 656 ||| READING scroll labelled YVUKHI RILEM.
   657 | D:1      | 657 ||| READING scroll labelled QALASI MAMY.
   658 | D:1      | 658 ||| DROPPING scroll of fear.
   659 | D:1      | 659 ||| DROPPING scroll of poison.
   676 | D:2      | Reached XP level 3. HP: 29/29 MP: 3/3
   777 | D:2      | Shot with a bolt by a kobold

Levels and vault maps discovered:
D:1:      shiori_arrival_oz, layout_basic, minmay_misc_feat_ornament,
          minmay_misc_feat_chi, wad_woods_river_04
D:2:      layout_rooms, hellmonk_ecumenical_altar_heavens_door,
          kennysheep_generic_room_8

Skill      XL: |  1  2 |
---------------+-------+-----
Ranged Weapons | 3 |  3.8
Fighting       | 2 |  2.0
Dodging        | |  2.1
Spellcasting   | |  1.0
Hexes          | |  2.0

Action                     || total
---------------------------++-------
   Fire: Sling             ||    71
    Use: Scroll            ||     5
 Armour: Robe              ||     3
  Dodge: Dodged            ||    17

Table legend:
 A = Non-vault XP
 B = Vault XP
 C = Vault XP percentage of total XP
 D = Non-vault monster count
 E = Vault monster count
 F = Vault count percentage of total count
                 A         B        C        D         E       F
            +---------+---------+-------+---------+---------+-------
      Total |      50 |       4 |   7.4 |      30 |       2 |   6.2
            +---------+---------+-------+---------+---------+-------
        D:1 |      35 |       4 |  10.3 |      21 |       2 |   8.7
        D:2 |      15 |       0 |   0.0 |       9 |       0 |   0.0
            +---------+---------+-------+---------+---------+-------
